 Dungeon Sprint DCSS version 0.16-a0-3807-g3748f16 (webtiles) character file.

941 BluebellGnoll the Evocator (level 7, -1/59 (62) HPs)
             Began as a Deep Dwarf Artificer on Jan 28, 2015.
             Killed from afar by a swamp dragon (5 damage)
             ... with a blast of poison
             ... in the Dungeon (Sprint II: "The Violet Keep of Menkaure").
             The game lasted 00:05:52 (137 turns).

BluebellGnoll the Evocator (Deep Dwarf Artificer)    Turns: 137, Time: 00:05:53

HP:   -1/59 (62)    AC:  3    Str: 14      XL:     7   Next: 88%
MP:   24/24         EV: 12    Int:  8 (13) God:
Gold: 486           SH:  0    Dex: 15      Spells: 0 memorised, 6 levels left

rFire  . . .     SeeInvis .     a - +0 short sword
rCold  . . .     Clarity  .     e - +0 leather armour
rNeg   . . .     SustAb   .     (no shield)
rPois  .         Gourm    .     (no helmet)
rElec  .         Spirit   .     (no cloak)
rCorr  .         Warding  .     (no gloves)
rMut   .         NoTele   +     (no boots)
MR     +....                    (no amulet)
Stlth  ++........               (no ring)
                                (no ring)

@: lethally poisoned, non-regenerating, somewhat resistant to hostile
enchantments, unstealthy
A: damage resistance, recharge devices, sense surroundings 1, slow healing 3
a: Device Recharging


You were in the Dungeon.
You were not hungry.

You visited 1 branch You collected 486 gold pieces.

Inventory:

Hand weapons
 a - a +0 short sword (weapon)
Armour
 e - a +0 leather armour (worn)
Magical devices
 b - a wand of flame (14)
 c - a wand of enslavement (10)
 d - a wand of random effects (13)
 f - a wand of heal wounds (5)
Scrolls
 m - a scroll of blinking
Potions
 h - a potion of curing
 i - a potion of heal wounds
 j - a potion of haste
 k - 2 potions of magic
 l - a potion of berserk rage
Comestibles
 g - a bread ration


   Skills:
 + Level 3.4 Fighting
 - Level 0.8 Short Blades
 - Level 2.1 Dodging
 - Level 1.2 Stealth
 - Level 21.3 Evocations


You had 6 spell levels left.
You didn't know any spells.

Dungeon Overview and Level Annotations

Branches:
Dungeon (1/1)

Altars:


Innate Abilities, Weirdness & Mutations

You are resistant to damage.
You can recharge devices by infusing magical energy.
You passively map a small area around you.
You do not heal naturally.


Message History

You are more poisoned.
* * * LOW HITPOINT WARNING * * *
You feel very sick.
Unknown command.
Evoke which item? (* to show all) (? for menu, Esc to quit)
Zapping:
d - a wand of random effects (14)
Press: ? - help, Shift-Dir - straight line, f/p - swamp dragon
Aim: a swamp dragon (poison gas, severely wounded, fast+slow, catching its breath)
The rock shatters into small pieces.
This wand has 13 charges left.
You are engulfed in poison gas.
You are more poisoned.
* * * LOW HITPOINT WARNING * * *
x2 You feel very sick.
Unknown command.
* * * LOW HITPOINT WARNING * * *
You feel very sick.
The swamp dragon breathes poison at you.
The blast of poison engulfs you!
You are more poisoned.
You die...

* * ≈ * * ++
* ,, ,, # ≈≈
+ * .#≈ ≈###*
## * , ..#≈≈≈
#.§##.# ,
...≈≈##
#§§§#* #, , ,
.#≈...###@##
.## , *
#..†##§##..$#
, + #§§§§D§#
*+ * , , *
#...##§##§..#
* ##.###+#
.... , ≈ ##
.). #≈§ ≈
..#.. * + ##.
.## , *≈
##+## ≈


You could see a swamp dragon.

Vanquished Creatures
  A siren (D)
  4 necrophages (D)
  2 brain worms (D)
7 creatures vanquished.

Vanquished Creatures (collateral kills)
  A boulder beetle (D)
  2 brain worms (D)
3 creatures vanquished.

Grand Total: 10 creatures vanquished

Notes
Turn   | Place    | Note
--------------------------------------------------------------
     0 | D        | BluebellGnoll, the Deep Dwarf Artificer, began the quest for the Orb.
     0 | D        | Reached XP level 1. HP: 16/16 MP: 1/1
     1 | D        | Noticed a brain worm
     1 | D        | Noticed a brain worm
     1 | D        | Noticed a brain worm
     1 | D        | Noticed a brain worm
     4 | D        | Killed a brain worm
     4 | D        | Reached skill level 11 in Evocations
     4 | D        | Reached XP level 2. HP: 24/24 MP: 2/5
     4 | D        | Reached XP level 3. HP: 30/30 MP: 3/8
     9 | D        | Killed a brain worm
     9 | D        | Reached skill level 13 in Evocations
     9 | D        | Reached XP level 4. HP: 37/37 MP: 4/13
    17 | D        | Killed a brain worm
    17 | D        | Reached skill level 14 in Evocations
    17 | D        | Reached XP level 5. HP: 43/43 MP: 6/17
    18 | D        | a brain worm (ally) was killed
    18 | D        | Reached skill level 15 in Evocations
    26 | D        | Noticed a necrophage
    26 | D        | Noticed a necrophage
    26 | D        | Noticed a necrophage
    26 | D        | Noticed a necrophage
    38 | D        | Killed a necrophage
    38 | D        | Reached skill level 16 in Evocations
    47 | D        | Killed a necrophage
    47 | D        | Reached skill level 17 in Evocations
    47 | D        | Reached XP level 6. HP: 47/50 MP: 12/21
    47 | D        | Killed a necrophage
    47 | D        | Reached skill level 18 in Evocations
    53 | D        | Killed a necrophage
    53 | D        | Reached skill level 19 in Evocations
    53 | D        | Reached XP level 7. HP: 52/55 MP: 14/24
    73 | D        | Noticed a siren
    76 | D        | Killed a siren
    76 | D        | Reached skill level 21 in Evocations
    79 | D        | Noticed a boulder beetle
    79 | D        | Noticed a boulder beetle
   120 | D        | Killed a boulder beetle
   126 | D        | Noticed a swamp dragon
   126 | D        | a boulder beetle changed into a swamp dragon
   137 | D        | Killed from afar by a swamp dragon

Action                   |  1- 3 |  4- 6 |  7- 9 || total
-------------------------+-------+-------+-------++-------
Melee: Short sword       |       |    15 |       ||    15
 Abil: Device Recharging |       |       |     1 ||     1
Evoke: Wand              |     7 |    13 |    14 ||    34
 Stab: Paralysed         |       |    15 |       ||    15
